 Dungeon Sprint DCSS version 0.24-a0-250-g6074511092 (webtiles) character file.

Game seed: 17326201578777463244

46 Redear the Shield-Bearer (level 3, -1/27 HPs)
             Began as an Octopode Fighter on Apr 15, 2019.
             Slain by Crazy Yiuf
             ... wielding a +3 quarterstaff of chaos
              (8 damage)
             ... in the Dungeon (Sprint III: "The Ten Rune Challenge").
             The game lasted 00:00:36 (170 turns).

Redear the Shield-Bearer (Octopode Fighter)          Turns: 170, Time: 00:00:36

Health: -1/27      AC:  1    Str: 15    XL:     3   Next: 66%
Magic:  3/3        EV: 15    Int: 10    God:
Gold:   0          SH:  0    Dex: 12    Spells: 2/2 levels left

rFire    . . .     SeeInvis .   a - +0 long sword
rCold    . . .     Gourm    .   (no shield)
rNeg     . . .     Faith    .   (helmet restricted)
rPois    .         Spirit   .   (no amulet)
rElec    .         Reflect  .   (no ring)
rCorr    .         Harm     .   (no ring)
MR       .....     NoTele   +   (no ring)
Stlth    +++.......             (no ring)
HPRegen  0.09/turn              (no ring)
MPRegen  0.08/turn              (no ring)
                                (no ring)
                                (no ring)

@: no status effects
A: almost no armour, stealthy swim, amphibious, 8 rings, constrict 8, camouflage
1, gelatinous body 1
a: no special abilities


You were in the Dungeon.
You were not hungry.

You visited 1 branch

Inventory:

Hand Weapons
 a - a +0 long sword (weapon)
Armour
 b - a +0 shield
Wands
 d - a wand of random effects (14)
Scrolls
 B - a scroll of blinking {@r4}
Potions
 c - a potion of might {Str+5 DMG+1d10 | @q3}
 e - a potion of brilliance {unknown}
 f - a potion of heal wounds {@q1}
 h - 2 potions of magic
 i - a potion of berserk rage
 H - a potion of haste {@q5}
Comestibles
 g - a chunk of flesh
 z - 2 rations


   Skills:
 + Level 4.2 Fighting
 + Level 3.5 Long Blades
 + Level 4.2 Dodging
 + Level 4.1 Stealth
 + Level 4.2 Shields


You had 2 spell levels left.
You didn't know any spells.
Your spell library was empty.

Dungeon Overview and Level Annotations

Branches:
Dungeon (1/1)

Altars:

Annotations:
D Crazy Yiuf


Innate Abilities, Weirdness & Mutations

You cannot wear most types of armour.
You are very stealthy in the water. (Stealth+)
You are amphibious.
You can wear up to eight rings at the same time.
You can use your tentacles to constrict eight enemies at once.
Your skin changes colour to match your surroundings (Stealth+).
Your rubbery body absorbs attacks. (AC +1, EV +1)


Message History

You see here a human skeleton.
You start resting.
You regained 9 hp, and now have 18/27 hp.
Crazy Yiuf the Enlightened comes into view.
He is wielding a +3 quarterstaff of chaos.
Crazy Yiuf shouts!
Unknown command.
Unknown command.
You hit Crazy Yiuf. You grab Crazy Yiuf.
Crazy Yiuf is moderately wounded.
You constrict Crazy Yiuf, but do no damage.
Crazy Yiuf misses you.
You riposte.
You hit Crazy Yiuf.
Crazy Yiuf is moderately wounded.
Crazy Yiuf misses you.
You hit Crazy Yiuf but do no damage.
Crazy Yiuf is moderately wounded.
You constrict Crazy Yiuf.
Crazy Yiuf hits you with a +3 quarterstaff of chaos!
* * * LOW HITPOINT WARNING * * *
You are electrocuted!
You die...

▓▓▓▓ ▓▓▓▓▓▓▓ ▓<.#
+.....♣ ▓..#
#.....♣♣
▓#'####......♣
▓.....#....≈.♣
▓†...†#...≈≈♣♣ #
▓.....#g.≈≈≈≈♣♣♣ .+
▓####'#@.≈≈≈≈≈≈♣♣.#
▓)....#.≈≈≈≈≈≈....#
▓.).†.#.≈≈≈≈≈.....#
▓.....#.≈≈≈.......#
▓'#####...........#
▓...........÷.....#
▓▓▓▓▓▓▓▓▓▓▓▓▓▓▓▓▓▓▓


You could see Crazy Yiuf.

Vanquished Creatures
  Jessica (D)
  A human (D)
  3 rats (D)
5 creatures vanquished.

Vanquished Creatures (others)
  A draconian scorcher (D)
  4 hellions (D)
  A yaktaur (D)
6 creatures vanquished.

Grand Total: 11 creatures vanquished

Notes
Turn   | Place    | Note
-------+----------+-------------------------------------------
     0 | D        | Redear the Octopode Fighter began the quest for the Orb.
     0 | D        | Reached XP level 1. HP: 16/16 MP: 1/1
    12 | D        | Reached skill level 1 in Stealth
    17 | D        | Noticed Jessica
    23 | D        | Killed Jessica
    23 | D        | Reached skill level 4 in Fighting
    23 | D        | Reached skill level 3 in Long Blades
    23 | D        | Reached skill level 4 in Dodging
    23 | D        | Reached skill level 3 in Stealth
    23 | D        | Reached XP level 2. HP: 18/22 MP: 2/2
    23 | D        | Reached XP level 3. HP: 22/27 MP: 3/3
    44 | D        | Reached skill level 4 in Stealth
    44 | D        | Reached skill level 4 in Shields
    60 | D        | Killed a yaktaur
    73 | D        | Killed a hellion
    73 | D        | Killed a hellion
    74 | D        | Killed a hellion
   111 | D        | Killed a hellion
   160 | D        | Killed a white draconian scorcher
   165 | D        | Noticed Crazy Yiuf
   170 | D        | Slain by Crazy Yiuf

Levels and vault maps discovered:
D:        dungeon_sprint_mu [sprint_mu_entry_forest, sprint_mu_temple_rooms,
          sprint_mu_d1_horrors, sprint_mu_d2_genie, sprint_mu_d3_branching,
          sprint_mu_orc_legion, sprint_mu_elf_gauntlet, sprint_mu_hive_nellie,
          sprint_mu_lair_fedhas, sprint_mu_vaults_butterflies,
          sprint_mu_slime_circle, sprint_mu_shoals_kraken,
          sprint_mu_snake_twists, sprint_mu_blade_basic,
          sprint_mu_crypt_chambers, sprint_mu_tomb_spiral,
          sprint_mu_vestibule_basic, sprint_mu_gehenna_hellfire,
          sprint_mu_dis_giant, sprint_mu_tartarus_statrot,
          sprint_mu_cocytus_islands, sprint_mu_zot1]

Skill      XL: |  1  2  3 |
---------------+----------+-----
Stealth        | 3 4 |  4.1
Fighting       | 4 |  4.2
Long Blades    | 3 |  3.5
Dodging        | 4 |  4.2
Shields        | 4 |  4.2

Action                   || total
-------------------------++-------
Melee: Long sword        ||    12
       Constrict         ||     3
       Tentacles         ||     2
  Use: Potion            ||     1
 Stab: Sleeping          ||     4
Dodge: Dodged            ||     6
       Rpst.: Long sword ||     2

Table legend:
 A = Non-vault XP
 B = Vault XP
 C = Vault XP percentage of total XP
 D = Non-vault monster count
 E = Vault monster count
 F = Vault count percentage of total count
                 A         B        C        D         E       F
            +---------+---------+-------+---------+---------+-------
      Total |       0 |      66 | 100.0 |       0 |       5 | 100.0
            +---------+---------+-------+---------+---------+-------
          D |       0 |      66 | 100.0 |       0 |       5 | 100.0
            +---------+---------+-------+---------+---------+-------
